 Dungeon Crawl Stone Soup version 0.23-a0-375-g66a18ee (webtiles) character file.

14 Cryolive the Digger (level 2, 0/15 HPs)
             Began as a Gargoyle Earth Elementalist on Oct 26, 2018.
             Slain by a gnoll
             ... wielding a +0 spear
              (5 damage)
             ... on level 1 of the Dungeon.
             The game lasted 00:01:49 (658 turns).

Cryolive the Digger (Gargoyle Earth Elementalist)    Turns: 658, Time: 00:01:50

Health: 0/15       AC:  4    Str: 11    XL:     2   Next: 41%
Magic:  5/5        EV: 12    Int: 15    God:
Gold:   48         SH:  0    Dex: 10    Spells: 4/5 levels left

rFire    . . .     SeeInvis .   e - +0 club
rCold    . . .     Gourm    .   (no shield)
rNeg     + . .     Faith    .   c - +0 robe
rPois    ∞         Spirit   .   (no helmet)
rElec    +         Reflect  .   (no cloak)
rCorr    .         Harm     .   (no gloves)
MR       .....                  (no boots)
Stlth    ++........             (no amulet)
HPRegen  0.05/turn              (no ring)
MPRegen  0.09/turn              (no ring)

@: no status effects
A: negative energy resistance 1, electricity resistance, unbreathing,
petrification resistance, rot immunity, AC +2
a: no special abilities


You were on level 1 of the Dungeon.
You were not hungry.

You visited 1 branch of the dungeon, and saw 1 of its levels.

You collected 48 gold pieces.

Inventory:

Hand Weapons
 e - a +0 club (weapon)
Missiles
 b - 28 stones (quivered)
Armour
 c - a +0 robe (worn)
Scrolls
 g - a scroll of enchant armour {unknown}
 h - 2 scrolls of remove curse {unknown}
 i - a scroll of magic mapping {unknown}
Potions
 a - a potion of heal wounds {unknown}
 j - a potion of cancellation {unknown}
Comestibles
 d - 2 rations
 f - 3 chunks of flesh


   Skills:
 - Level 1.5 Dodging
 - Level 2.1 Stealth
 + Level 2.4 Spellcasting
   Level 0.7 Transmutations
 + Level 4.1 Earth Magic


You had 4 spell levels left.
You knew the following spells:

 Your Spells              Type           Power        Failure   Level  Hunger
a - Sandblast             Erth           ##....       3%          1    #......

Your spell library contained the following spells:

 Spells                   Type           Power        Failure   Level  Hunger
 Passwall                 Tmut/Erth      #.......     12%         2    ###....
 Stone Arrow              Conj/Erth      #.....       26%         3    ###....
 Petrify                  Tmut/Erth      #.......     61%         4    #####..
 Lee's Rapid Deconstruct  Erth           ##........   71%         5    ######.


Dungeon Overview and Level Annotations

Branches:
Dungeon (1/15)

Altars:


Innate Abilities, Weirdness & Mutations

You are resistant to torment.
Your stone body is resilient. (AC +2)
You are immune to poison.
You resist negative energy. (rN+)
You are resistant to electric shocks. (rElec)
You can survive without breathing.
You are immune to petrification.
You are immune to rotting.


Message History

A gnoll comes into view. It is wielding a +0 spear.
The gnoll shouts!
Found a stone staircase leading down.
A gnoll is nearby!
The gnoll hits you from afar with a +0 spear.
There is a stone staircase leading down here.
The gnoll barely misses you. The gnoll hits you with a +0 spear.
You closely miss the gnoll. The gnoll closely misses you.
You closely miss the gnoll. The gnoll closely misses you.
The gnoll barely misses you.
You closely miss the gnoll. The gnoll closely misses you.
You hit the gnoll.
The gnoll is moderately wounded.
The gnoll hits you with a +0 spear.
* * * LOW HITPOINT WARNING * * *
You closely miss the gnoll.
The gnoll is moderately wounded.
The gnoll hits you with a +0 spear.
You die...

#'## #..#.##.#..#.# ..#
#..#.##......#### <.+
+..#.####.......# ..#
#..#.##########.###.# #+#
#.....(...#####.....#
##.........#.....###.#
#..........#.........#
#+..........+..##†#####
##......@g...##.##.####
#......>....#...#.....##.
###.....#######+#######.##.
#.?........................
....8.................#.##.
......................#†##.
..............#.#'#####.##.
######.......†..#.# #.##.
##.#'#.....#.#####...)


You could see a gnoll.

Vanquished Creatures
  2 ball pythons (D:1)
  A bat (D:1)
  A hobgoblin (D:1)
  A goblin (D:1)
  4 kobolds (D:1)
  5 rats (D:1)
14 creatures vanquished.

Notes
Turn   | Place    | Note
-------+----------+-------------------------------------------
     0 | D:1      | Cryolive the Gargoyle Earth Elementalist began the quest
                  | for the Orb.
     0 | D:1      | Reached XP level 1. HP: 10/10 MP: 3/3
   461 | D:1      | Reached XP level 2. HP: 8/15 MP: 3/5
   462 | D:1      | Reached skill level 4 in Earth Magic
   658 | D:1      | Slain by a gnoll

Vault maps used:
D:1:      nicolae_arrival_somewhat_less_tricky_arrival

Skill      XL: |  1  2 |
---------------+-------+-----
Earth Magic    | 4 |  4.1
Dodging        | |  1.5
Stealth        | |  2.1
Spellcasting   | |  2.4
Transmutations | |  0.7

Action                   || total
-------------------------++-------
Melee: Club              ||    32
       Unarmed           ||    11
 Cast: Sandblast         ||     7
Armor: Robe              ||    10
Dodge: Dodged            ||    34

Table legend:
 A = Non-vault XP
 B = Vault XP
 C = Vault XP percentage of total XP
 D = Non-vault monster count
 E = Vault monster count
 F = Vault count percentage of total count
                 A         B        C        D         E       F
            +---------+---------+-------+---------+---------+-------
      Total |      20 |       0 |   0.0 |      14 |       0 |   0.0
            +---------+---------+-------+---------+---------+-------
        D:1 |      20 |       0 |   0.0 |      14 |       0 |   0.0
            +---------+---------+-------+---------+---------+-------
